Map: Ephemeron LE

Players

Special

  • Race: Terran Terran
  • League: Master
  • Spawn Location: 5:00

LiquidMaNa (MaNa) - Winner!

  • Race: Protoss Protoss
  • League: Grandmaster
  • Spawn Location: 11:00

Event: HomeStory Cup XX

VOD

Have the link to the VOD?

Description

Time

  • Played on: Nov. 23, 2019, 2:54 p.m.
  • Length: 10:03

All games in this series

Show
View Real Time Build Order
Export as new Build Order

Special Terran 

Build Orders: Banshee Rush 

Get SALT Encoding   

  12  0:00  SCV  
  13  0:12  SCV  
  14  0:17  Supply Depot  
  14  0:24  SCV  
  15  0:38  SCV  
  15  0:41  Barracks  
  16  0:43  Refinery  
  16  0:50  SCV  
  17  1:03  SCV  
  18  1:15  SCV  
  19  1:27  Marine  
  19  1:28  Orbital Command  
  20  1:40  Command Center  
  20  1:50  Factory  
  20  1:54  Marine  
  20  1:58  SCV  
  22  2:05  Supply Depot  
  22  2:10  SCV  
  22  2:12  Barracks Reactor  
  23  2:18  Refinery  
  23  2:27  SCV  
  24  2:34  Hellion  
  26  2:39  Starport  
  26  2:40  SCV  
  27  2:48  Marine x2  
  29  2:52  Orbital Command  
  29  2:56  SCV  
  30  3:01  Hellion  
  32  3:08  SCV  
  33  3:18  Starport Tech Lab, SCV  
  34  3:20  SCV  
  35  3:28  Hellion x2  
  35  3:30  Barracks Tech Lab, SCV  
  40  3:34  SCV  
  40  3:36  Supply Depot, Cloaking Field  
  41  3:42  Banshee, SCV  
  44  3:53  SCV  
  44  3:55  SCV  
  42  4:05  SCV  
  42  4:06  Command Center  
  42  4:07  SCV  
  42  4:09  Marine x2  
  46  4:14  Siege Tank  
  47  4:19  SCV x2  
  47  4:24  Supply Depot  
  48  4:27  Marine x2  
  48  4:31  Banshee, SCV  
  54  4:40  Bunker  
  54  4:45  SCV x2  
  56  4:49  Marine x2, Siege Tank  
  56  4:51  Supply Depot  
  57  4:57  SCV  
  57  4:58  SCV  
  59  5:07  Marine x2  
  59  5:09  SCV  
  59  5:12  Supply Depot  
  59  5:13  SCV  
  63  5:15  Supply Depot  
  63  5:16  Raven  
  63  5:19  Barracks  
  65  5:21  SCV, Barracks  
  65  5:22  Orbital Command  
  65  5:25  Marine  
  65  5:28  Refinery, SCV  
  68  5:31  Refinery  
  68  5:37  SCV  
  68  5:39  Engineering Bay  
  68  5:40  SCV  
  68  5:41  Engineering Bay  
  70  5:48  Marine x2  
  70  5:49  SCV  
  73  5:52  SCV  
  74  6:01  SCV  
  74  6:02  Barracks  
  74  6:03  Factory Reactor, Barracks  
  73  6:06  Terran Infantry Weapons Level 1  
  73  6:07  Terran Infantry Armor Level 1  
  73  6:09  Marine  
  73  6:11  Orbital Command  
  73  6:12  Starport Reactor  
  73  6:13  Marine  
  73  6:17  SCV x2  
  76  6:20  Marauder x2, Stimpack  
  80  6:27  Marine  
  80  6:28  Supply Depot  
  80  6:29  SCV x2  
  80  6:30  Marine  
  84  6:36  SCV  
  85  6:41  SCV x2  
  85  6:42  Supply Depot  
  85  6:45  Marine  
  88  6:47  Marauder x2  
  88  6:48  Marine, Combat Shield, SCV  
  88  6:50  Barracks Tech Lab  
  88  6:53  SCV x2  
  96  6:54  Medivac  
  96  6:55  Medivac, Missile Turret  
  96  6:58  Factory Tech Lab  
  96  7:00  SCV  
  101  7:03  Marine x2  
  101  7:04  Marine  
  101  7:06  Marine  
  107  7:08  Marauder  
  107  7:09  Marauder  
  107  7:11  Bunker  
  107  7:13  Supply Depot  
  109  7:19  Siege Tank  
  109  7:20  SCV  
  109  7:21  Marine  
  114  7:26  Marine x2  
  114  7:27  Marine  
  117  7:35  Marauder x2  
  120  7:39  Marine  
  121  7:49  Marine x2, Marauder  
  121  7:50  Viking x2  
  116  7:51  Siege Tank  
  116  7:55  Marine  
  116  7:56  Marine, Marauder  
  108  7:59  Marine  
  91  8:07  Marine  
  91  8:11  Marauder  
  80  8:14  Marauder  
  80  8:15  Marine  
  80  8:18  Marauder, Marine  
  80  8:19  Marine  
  76  8:23  Siege Tank  
  67  8:27  SCV x2  
  67  8:29  Marine  
  67  8:32  Marauder  
  64  8:36  Marauder  
  64  8:39  Marauder  
  64  8:40  Marine  
  64  8:41  Marine  
  60  8:42  Marine  
  59  8:50  Marine  
  59  8:54  Marauder  
  59  8:55  Medivac  
  60  8:57  Marauder  
  60  8:59  Marine  
  60  9:01  Marauder  
  50  9:03  SCV  
  50  9:04  SCV  
  50  9:05  SCV  
  45  9:11  Marine  
  45  9:15  Marauder, Concussive Shells  
  45  9:16  SCV x2  
  50  9:18  Marauder  
  50  9:20  Marine x2  
  50  9:21  Marine  
  41  9:26  SCV  
  41  9:28  SCV x2  
  37  9:32  Marine  
  37  9:36  Marine  
  37  9:38  Marine x3, SCV  
  36  9:39  Marine  
  36  9:40  SCV x2  
  37  9:46  Barracks  
Show
View Real Time Build Order
Export as new Build Order

LiquidMaNa Protoss - Winner!

Build Orders: 1 Gate Expand, Blink Stalkers, Zealot Archon, Colossus Rush 

Get SALT Encoding   

  12  0:00  Probe  
  13  0:12  Probe  
  14  0:17  Pylon  
  14  0:23  Probe  
  15  0:32  Probe  
  15  0:36  Gateway  
  15  0:40  Probe  
  16  0:46  Assimilator  
  17  0:51  Probe  
  18  1:03  Probe  
  19  1:18  Nexus  
  19  1:27  Cybernetics Core  
  19  1:31  Probe  
  20  1:36  Assimilator  
  20  1:43  Probe  
  21  1:47  Pylon  
  21  1:55  Adept, Probe  
  22  2:07  Probe  
  25  2:14  Warp Gate  
  25  2:16  Stalker  
  25  2:19  Probe  
  25  2:20  Twilight Council  
  28  2:30  Probe  
  28  2:32  Probe  
  30  2:42  Probe  
  31  2:44  Probe  
  31  2:45  Stalker  
  34  2:54  Probe  
  34  2:56  Probe  
  36  2:58  Blink  
  36  3:06  Probe  
  36  3:08  Probe  
  38  3:14  Assimilator  
  38  3:18  Probe  
  39  3:20  Probe, Robotics Facility  
  39  3:27  Gateway  
  40  3:30  Probe  
  40  3:32  Probe  
  42  3:38  Assimilator  
  42  3:42  Probe  
  42  3:44  Probe  
  44  3:55  Probe  
  45  3:58  Probe  
  46  4:03  Pylon  
  46  4:05  Pylon  
  46  4:11  Robotics Bay  
  46  4:16  Observer  
  46  4:21  Probe  
  46  4:23  Stalker x2  
  52  4:24  Probe  
  52  4:30  Pylon  
  53  4:33  Immortal, Probe  
  53  4:36  Probe  
  59  4:43  Pylon  
  59  4:51  Sentry x2  
  62  4:57  Colossus  
  62  5:00  Nexus  
  62  5:01  Probe x2  
  64  5:12  Shield Battery  
  70  5:22  Gateway  
  70  5:23  Gateway  
  70  5:28  Gateway  
  70  5:31  Extended Thermal Lance  
  70  5:36  Colossus  
  70  5:39  Observer  
  70  5:44  Forge, Charge  
  75  6:10  Gateway, Zealot  
  77  6:12  Gateway  
  77  6:14  Pylon  
  77  6:15  Probe x3  
  77  6:18  Protoss Ground Weapons Level 1  
  80  6:21  Warp Prism  
  80  6:30  Templar Archives  
  80  6:32  Probe x2  
  84  6:33  Probe  
  85  6:44  Probe x2  
  85  6:50  Shield Battery, Zealot x3  
  85  6:52  Zealot  
  93  6:59  Observer  
  93  7:02  Pylon  
  91  7:11  High Templar x4  
  91  7:12  Zealot  
  99  7:16  Archon x2  
  99  7:19  Zealot  
  99  7:21  Zealot  
  103  7:29  Probe x3  
  106  7:33  Pylon  
  106  7:41  Probe x2  
  104  7:55  Stalker x4, Zealot x3  
  108  8:00  Observer  
  95  8:17  Zealot x4  
  95  8:18  Zealot x3  
  97  8:25  Probe x2  
  95  8:38  Zealot x7  
  105  8:43  Probe x2  
  87  9:06  Probe, Zealot x7  
  90  9:11  Probe  
  90  9:15  Probe  
  90  9:16  Probe  
  91  9:19  Probe  
  91  9:23  Probe  
  90  9:28  High Templar x7  
  103  9:31  Probe  
  103  9:33  Probe  
  103  9:35  Probe  
  106  9:43  Probe  
  106  9:44  Archon x3  
  106  9:45  Probe  
  98  9:47  Assimilator  
  98  9:48  Assimilator  
  96  10:01  Stalker x5, Sentry  
Tags
 
Add a new tag
Caveats
  • Supply blocks, unpowered buildings, or Contaminate may cause inaccurate times.
  • Supply counts are checked every 10 seconds.